 Dungeon Crawl Stone Soup version 0.27.1-1-g398f81649c (webtiles) character file.

Game seed: 2227307688864654746

291 funkygono the Firebug (level 6, -11/33 HPs)
             Began as a Gargoyle Fire Elementalist on Sept 13, 2021.
             Mangled by a wyvern skeleton (13 damage)
             ... on level 4 of the Dungeon.
             The game lasted 00:06:08 (3597 turns).

funkygono the Firebug (Gargoyle Fire Elementalist)  Turns: 3597, Time: 00:06:09

Health: -11/33     AC:  7    Str: 11    XL:     6   Next: 32%
Magic:  10/12      EV: 12    Int: 24    God:
Gold:   75         SH:  0    Dex: 10    Spells: 5/13 levels left

rFire    . . .     SeeInvis .   i - +1 whip (freeze)
rCold    . . .     Faith    .   (no shield)
rNeg     + . .     Spirit   .   a - +0 robe
rPois    ∞         Reflect  .   (no helmet)
rElec    +         Harm     .   (no cloak)
rCorr    .         Rampage  .   (no gloves)
Will     .....                  h - +0 pair of boots
Stlth    ++........             (no amulet)
HPRegen  0.11/turn              b - +6 ring of intelligence
MPRegen  0.13/turn              (no ring)

@: no status effects
A: sickness immunity, AC +4, negative energy resistance 1, electricity
resistance, torment resistance 1, petrification resistance
a: no special abilities


You were on level 4 of the Dungeon.
You visited 1 branch of the dungeon, and saw 4 of its levels.

You collected 75 gold pieces.

Inventory:

Hand Weapons
 i - a +1 whip of freezing (weapon)
Missiles
 f - 51 stones
Armour
 a - a +0 robe (worn)
 h - a +0 pair of boots (worn)
Jewellery
 b - a +6 ring of intelligence (left hand)
Wands
 j - a wand of flame (18)
 k - a wand of digging (6)
Scrolls
 c - 2 scrolls of teleportation
Potions
 d - a potion of heal wounds {unknown}
 e - 2 potions of might {unknown}
 g - a potion of curing {unknown}


   Skills:
 + Level 0.4 Fighting
 + Level 0.6 Maces & Flails
 + Level 1.7 Dodging
 - Level 2.1 Stealth
 * Level 4.0 Spellcasting
 * Level 3.3 Conjurations
 * Level 4.4 Fire Magic


You had 5 spell levels left.
You knew the following spells:

 Your Spells              Type           Power      Damage    Failure   Level
a - Foxfire               Conj/Fire      92%        2x1d8     1%          1
b - Conjure Flame         Conj/Fire      23%        6-21      6%          3
c - Sticky Flame          Conj/Fire      23%        2d4       19%         4

Your spell library contained the following spells:

 Spells                   Type           Power      Damage    Failure   Level
 Inner Flame              Hex/Fire       15%        N/A       12%         3
 Slow                     Hex            4%         N/A       14%         2
 Confusing Touch          Hex            4%         N/A       28%         3
 Vampiric Draining        Necr           2%         2d6       28%         3
 Fireball                 Conj/Fire      11%        3d7       47%         5


Dungeon Overview and Level Annotations

Branches:
Dungeon (4/15)
 Temple: D:4-7

Altars:


Innate Abilities, Weirdness & Mutations

You are immune to sickness and miasma.
Your stone body is resilient. (AC +4)
You are immune to poison.
You resist negative energy. (rN+)
You are resistant to electric shocks. (rElec)
You are resistant to unholy torment.
You are immune to petrification.


Message History

You conjure some foxfire!
Unknown command.
Your foxfire dissipates!
The foxfire hits the wyvern skeleton!
The wyvern skeleton is moderately damaged.
Casting: Foxfire (safe; 1% risk of failure)
Confirm with . or Enter, or press ? or * to list all spells.
You conjure some foxfire!
The foxfire hits the wyvern skeleton.
The wyvern skeleton is moderately damaged.
The foxfire hits the wyvern skeleton.
The wyvern skeleton is heavily damaged.
Casting: Foxfire (safe; 1% risk of failure)
Confirm with . or Enter, or press ? or * to list all spells.
You conjure some foxfire!
Unknown command.
The foxfire hits the wyvern skeleton.
The wyvern skeleton is heavily damaged.
You hit the wyvern skeleton.
The wyvern skeleton is heavily damaged.
The wyvern skeleton misses you. The wyvern skeleton bites you!
You hit the wyvern skeleton.
The wyvern skeleton is heavily damaged.
The wyvern skeleton bites you.
You completely miss the wyvern skeleton.
The wyvern skeleton is heavily damaged.
The wyvern skeleton barely misses you.
The wyvern skeleton bites you but does no damage.
You hit the wyvern skeleton.
The wyvern skeleton is severely damaged.
The wyvern skeleton bites you.
You barely miss the wyvern skeleton.
The wyvern skeleton is severely damaged.
The wyvern skeleton bites you.
Casting: Foxfire (safe; 1% risk of failure)
Confirm with . or Enter, or press ? or * to list all spells.
You conjure some foxfire!
The wyvern skeleton bites you!
* * * LOW HITPOINT WARNING * * *
The wyvern skeleton bites you!
You die...

.# .......#..†#. ...
.......#...#. #.##
...........#.
#..##.#...........
.................. #
#...#.#...#....#.#
..###?######..............#.#
...........Zv................
.<###.######@..#.............
.........v...........#.#.#
###.######...#.#..##..#.###
#........................
#.#######..#.#......>.###
#####..#.##.##.####
.............##.#
######..#(####### .....#.#


You could see a wyvern skeleton (ally target).

Vanquished Creatures
  A sky beast (D:3)
  A bullfrog skeleton (D:4)
  Natasha (thrice) (D:2)
  2 adders
  2 worms (D:3)
  A dart slug (D:3)
  8 endoplasms
  2 giant cockroaches
  8 goblins
  6 hobgoblins
  2 jackals (D:3)
  7 kobolds
  2 quokkas (D:2)
  9 ball pythons
  4 bats
  2 frilled lizards
  5 rats
65 creatures vanquished.

Vanquished Creatures (collateral kills)
  A foxfire (D:3)
1 creature vanquished.

Vanquished Creatures (others)
  194 foxfires
  2 plants (D:3)
196 creatures vanquished.

Grand Total: 262 creatures vanquished

Notes
Turn   | Place    | Note
-------+----------+-------------------------------------------
     0 | D:1      | funkygono the Gargoyle Fire Elementalist began the quest
                  | for the Orb.
     0 | D:1      | Reached XP level 1. HP: 10/10 MP: 3/3
   127 | D:1      | Reached XP level 2. HP: 15/15 MP: 0/5
   511 | D:1      | Found a faded altar of an unknown god.
   714 | D:2      | Reached XP level 3. HP: 19/19 MP: 3/6
   847 | D:2      | Noticed Natasha
   856 | D:2      | Killed Natasha
  1199 | D:2      | Noticed Natasha
  1211 | D:2      | Killed Natasha
  1212 | D:2      | Reached XP level 4. HP: 4/24 MP: 1/8
  1349 | D:2      | Noticed Natasha
  1357 | D:2      | Killed Natasha
  1563 | D:2      | Learned a level 3 spell: Conjure Flame
  1696 | D:2      | Reached XP level 5. HP: 28/28 MP: 5/10
  1937 | D:2      | Learned a level 4 spell: Sticky Flame
  2407 | D:3      | Noticed a sky beast
  2419 | D:3      | Killed a sky beast
  2420 | D:3      | Reached XP level 6. HP: 29/32 MP: 8/11
  3597 | D:4      | Mangled by a wyvern skeleton

Illustrated notes

Levels and vault maps discovered:
D:1:      amcnicky_arrival_single_pillar, layout_rooms,
          hellmonk_ecumenical_altar_heavens_door
D:2:      cheibrodos_helix_gallery, layout_rooms, uniq_natasha
D:3:      layout_basic, corexii_shack
D:4:      kb_forest_paths, layout_basic, minmay_misc_feat_doors

Skill      XL: |  1  2  3  4  5  6 |
---------------+-------------------+-----
Spellcasting   | 3 4 |  4.0
Conjurations   | 2 3 |  3.3
Fire Magic     | 4 |  4.4
Fighting       | |  0.4
Maces & Flails | |  0.6
Dodging        | |  1.7
Stealth        | |  2.1

Action                   |  1- 3 |  4- 6 || total
-------------------------+-------+-------++-------
Melee: Club              |     2 |       ||     2
       Whip              |     7 |    42 ||    49
 Cast: Foxfire           |    50 |    75 ||   125
  Use: Scroll            |       |     7 ||     7
Armor: Robe              |     1 |    12 ||    13
Dodge: Dodged            |     5 |    21 ||    26
